 Dungeon Crawl Stone Soup version 0.29.0-4-gdea44cf6ec (webtiles) character file.

Game seed: 13436684203896138202

107 qw the Chopper (level 4, -2/26 HPs)
             Began as a Tengu Warper on Aug 28, 2022.
             Slain by Duvessa
             ... wielding a +2 short sword of speed
              (12 damage)
             ... on level 4 of the Dungeon.
             The game lasted 00:00:14 (3511 turns).

qw the Chopper (Tengu Warper)                       Turns: 3511, Time: 00:00:15

Health: -2/26      AC:  5    Str: 14    XL:     4   Next: 86%
Magic:  8/8        EV: 11    Int: 15    God:
Gold:   167        SH:  0    Dex: 13    Spells: 7/7 levels left

rFire   . . .      SeeInvis .   Y - +0 hand axe
rCold   . . .      Faith    .   (no shield)
rNeg    . . .      Spirit   .   j - +0 ring mail
rPois   .          Reflect  .   d - +0 hat of Zin's Approval {rElec Int+2}
rElec   +          Harm     .   (no cloak)
rCorr   .          Rampage  .   (no gloves)
Will    .....                   (boots unavailable)
Stlth   +.........              (no amulet)
HPRegen 0.08/turn               (no ring)
MPRegen 0.11/turn               (no ring)

@: no status effects
A: beak, talons 3
a: no special abilities


You were on level 4 of the Dungeon.
You visited 1 branch of the dungeon, and saw 4 of its levels.

You collected 167 gold pieces.


Innate Abilities, Weirdness & Mutations

You have a beak for a mouth.
You have claws for feet.


   Skills:
 - Level 2.0 Fighting
 + Level 5.4 Axes
 - Level 1.0 Throwing
 - Level 1.1 Armour
 - Level 2.1 Dodging
 - Level 2.0 Spellcasting
 - Level 2.4 Translocations


You had 7 spell levels left.
You didn't know any spells.
Your spell library contained the following spells:

 Spells                   Type           Power      Damage    Failure   Level
 Blink                    Tloc           16%        N/A       26%         2
 Gell's Gravitas          Tloc           8%         N/A       45%         3
 Lesser Beckoning         Tloc           8%         N/A       45%         3
 Teleport Other           Tloc           8%         N/A       45%         3
 Manifold Assault         Tloc           8%         N/A       99%         5

Inventory:

Hand Weapons
 g - a +0 whip
 Y - a +0 hand axe (weapon)
Missiles
 f - 4 boomerangs (quivered)
Armour
 d - the +0 hat of Zin's Approval (worn) {rElec Int+2}
   (You acquired it on level 3 of the Dungeon)

   Int:       It affects your intelligence (+2).
   rElec:     It insulates you from electricity.
 j - a +0 ring mail (worn)
Scrolls
 a - a scroll of identify
 e - a scroll of immolation {unknown}
Potions
 b - a potion of brilliance {unknown}
 c - 2 potions of heal wounds {unknown}
 h - 3 potions of might
 i - a potion of curing
 k - a potion of invisibility {unknown}

Dungeon Overview and Level Annotations

Branches:
Dungeon (4/15)
 Temple: D:4-7

Altars:
Uskayaw

Annotations:
D:4 Dowan, Duvessa


Message History

e - a scroll labelled AMAEMI BIW
c - 2 glowing pink potions (gained 1)
Found a stone staircase leading down.
Found a stone staircase leading up.
There is a stone staircase leading down here.
Dowan, Brother of Duvessa comes into view.
He is wielding a +0 dagger.
Found a shiny orb.
Dowan shouts!
Dowan says, "Stay away from my face!"
A giant cockroach comes into view.
Duvessa, Sister of Dowan comes into view.
She is wielding a +2 short sword of speed.
Duvessa shouts!
Found a scroll labelled MEDDABR BUTZEC.
Dowan hits you but does no damage.
You hit Dowan.
Dowan is lightly wounded.
You hit Dowan. You peck Dowan.
Dowan is heavily wounded.
You barely miss Duvessa.
Dowan gestures at Duvessa while chanting.
Duvessa seems to speed up.
Duvessa completely misses you.
Duvessa hits you with a +2 short sword of speed.
You hit Dowan but do no damage. Your kick misses Dowan.
Dowan is heavily wounded.
You hit Duvessa but do no damage.
Duvessa hits you with a +2 short sword of speed.
Dowan hits you but does no damage. Duvessa hits you but does no damage.
You miss Dowan.
Dowan is heavily wounded.
You hit Duvessa but do no damage.
Duvessa hits you with a +2 short sword of speed!
Dowan hits you with a +0 dagger. Duvessa closely misses you.
You barely miss Dowan.
Dowan is heavily wounded.
You hit Duvessa but do no damage. Duvessa closely misses you.
Dowan gestures wildly while chanting.
Dowan blinks!
Duvessa closely misses you.
Duvessa hits you with a +2 short sword of speed!
You die...

#### # #..# ######### #.
##..# #.......#### ..
...# #.#####.#...
#.#.#.###.###.#####.#.##
#...Be@.....>..........
#.#[#.#e................
.. ##.....#######.#)# #?
........# #.###. #
######..# ##. .. #..#
#.#. #..# #####.#. #...
......%. #.


You could see Duvessa (fast), Dowan and a giant cockroach.

Vanquished Creatures
  A hound (D:3)
  An adder (D:2)
  3 worms
  3 dart slugs
  An orc (D:3)
  7 ball pythons
  4 bats
  4 endoplasms
  4 giant cockroaches
  5 hobgoblins
  4 jackals (D:1)
  3 quokkas
  A goblin (D:2)
  7 kobolds
  2 rats
50 creatures vanquished.

Notes
Turn   | Place    | Note
-------+----------+-------------------------------------------
     0 | D:1      | qw the Tengu Warper began the quest for the Orb.
     0 | D:1      | Reached XP level 1. HP: 12/12 MP: 4/4
     0 | D:1      | 0 ||| qw: Version: 0.1-a-89-g26bdef1
     0 | D:1      | 0 ||| qw: Game counter: 391
     0 | D:1      | 0 ||| qw: Always use a shield: true
     0 | D:1      | 0 ||| qw: God list: Okawaru
     0 | D:1      | 0 ||| qw: Allow faded altars: false
     0 | D:1      | 0 ||| qw: Do Orc after D:15 true
     0 | D:1      | 0 ||| qw: Do second Lair branch before Depths: true
     0 | D:1      | 0 ||| qw: Lair rune preference: random
     0 | D:1      | 0 ||| qw: Plans: Normal
     0 | D:1      | 0 ||| PLANNING D:1-11
    77 | D:1      | Reached XP level 2. HP: 14/17 MP: 6/6
   142 | D:1      | Reached skill level 3 in Axes
   144 | D:1      | 144 ||| Stepping ~*~*~tactically~*~*~ (stealth).
   339 | D:1      | 339 ||| Stepping ~*~*~tactically~*~*~ (hiding).
   441 | D:1      | 441 ||| Stepping ~*~*~tactically~*~*~ (hiding).
   544 | D:1      | 544 ||| Stepping ~*~*~tactically~*~*~ (stealth).
   547 | D:1      | 547 ||| Stepping ~*~*~tactically~*~*~ (stealth).
   961 | D:1      | 961 ||| UPGRADING to +0 ring mail.
   971 | D:1      | 971 ||| DROPPING +0 leather armour.
   972 | D:1      | 972 ||| READING scroll labelled SEANU QEBBYNO.
   973 | D:1      | 973 ||| READING scroll labelled XOT HUS WUPYIK.
   974 | D:1      | 974 ||| DRINKING 2 inky potions.
  1020 | D:1      | 1020 ||| DRINKING 2 red potions.
  1021 | D:1      | 1021 ||| DRINKING 2 grey potions.
  1022 | D:1      | 1022 ||| DROPPING scroll of blinking.
  1023 | D:1      | 1023 ||| DROPPING potion of lignification.
  1077 | D:2      | Reached XP level 3. HP: 18/21 MP: 7/7
  1165 | D:2      | Found a faded altar of an unknown god.
  1245 | D:2      | Reached skill level 4 in Axes
  1794 | D:2      | 1794 ||| Stepping ~*~*~tactically~*~*~ (stealth).
  2029 | D:3      | Found a hide-covered altar of Uskayaw.
  2046 | D:3      | 2046 ||| Stepping ~*~*~tactically~*~*~ (stealth).
  2057 | D:3      | Reached skill level 5 in Axes
  2057 | D:3      | Reached XP level 4. HP: 19/26 MP: 8/8
  2134 | D:3      | 2134 ||| Stepping ~*~*~tactically~*~*~ (stealth).
  3012 | D:3      | 3012 ||| READING scroll labelled DAHI LIZUMA.
  3015 | D:3      | 3015 ||| READING scroll labelled JUSAOSA KYFESCH.
  3016 | D:3      | 3016 ||| READING scroll labelled VETHEOFORO.
  3016 | D:3      | Identified a scroll of acquirement
  3016 | D:3      | 3016 ||| ACQUIRING +0 hat of Zin's Approval {rElec Int+2}
  3016 | D:3      | Acquired the +0 hat of Zin's Approval {rElec Int+2}
  3018 | D:3      | 3018 ||| UPGRADING to +0 hat of Zin's Approval {rElec
                  | Int+2}.
  3023 | D:3      | 3023 ||| READING 2 scrolls of identify.
  3023 | D:3      | 3023 ||| IDENTIFYING murky emerald potion
  3024 | D:3      | 3024 ||| DROPPING potion of degeneration.
  3025 | D:3      | 3025 ||| Stepping randomly (stuck).
  3026 | D:3      | 3026 ||| Stepping ~*~*~tactically~*~*~ (cloud).
  3503 | D:4      | Noticed Dowan
  3504 | D:4      | Noticed Duvessa
  3511 | D:4      | Slain by Duvessa

Levels and vault maps discovered:
D:1:      dpeg_arrival_rhombus, layout_basic, kennysheep_minor_cross
D:2:      layout_loops_ring, basic_ecumenical_altar
D:3:      layout_basic, mainiacjoe_overflow_concentric_impassable, minivault_11,
          roderic_serpentine_path
D:4:      layout_loops_ring, uniq_edmund, uniq_duvessa, uniq_grinder,
          uniq_crazy_yiuf_cottage

Skill      XL: |  1  2  3 |
---------------+----------+-----
Axes           | 3 5 |  5.4
Fighting       | |  2.0
Throwing       | |  1.0
Armour         | |  1.1
Dodging        | |  2.1
Spellcasting   | |  2.0
Translocations | |  2.4

Action                   |  1- 3 |  4- 6 || total
-------------------------+-------+-------++-------
Melee: Hand axe          |    96 |    47 ||   143
       Kick              |    20 |    11 ||    31
       Peck              |    12 |     6 ||    18
Throw: Boomerang         |     7 |    15 ||    22
  Use: Potion            |     3 |       ||     3
       Scroll            |     2 |     4 ||     6
Armor: Leather armour    |     5 |       ||     5
       Ring mail         |    21 |     9 ||    30
Dodge: Dodged            |    46 |    22 ||    68

Table legend:
 A = Non-vault XP
 B = Vault XP
 C = Vault XP percentage of total XP
 D = Non-vault monster count
 E = Vault monster count
 F = Vault count percentage of total count
                 A         B        C        D         E       F
            +---------+---------+-------+---------+---------+-------
      Total |     154 |       0 |   0.0 |      50 |       0 |   0.0
            +---------+---------+-------+---------+---------+-------
        D:1 |      32 |       0 |   0.0 |      18 |       0 |   0.0
        D:2 |      42 |       0 |   0.0 |      15 |       0 |   0.0
        D:3 |      72 |       0 |   0.0 |      14 |       0 |   0.0
        D:4 |       8 |       0 |   0.0 |       3 |       0 |   0.0
            +---------+---------+-------+---------+---------+-------
